cohdb
Replays
Latest Replays
All Replays
Popular Replays
Top Player Replays
Match Explorer
How It Works
Community
CoH3 Stats
Reddit
Sign in to upload your games and track your stats! →
Sign in with Steam
Match 45448533
Unlisted
Match 45448533
Overview
Messages
Build Orders
End
Scout Squad
Construct Barracks
Selects Armored Battlegroup
Riflemen Squad
Riflemen Squad
Riflemen Squad
Selects Veteran Crews
Construct Medical Station
Infantry Support Center
M1918 Browning Automatic Rifles
Grenade Package
Construct Motor Pool
M1 Anti-tank Gun Team
Selects M31 Recovery Vehicle
Selects War Machine
M24 Chaffee Light Tank
M8 Greyhound Armored Car
Selects Strength in Steel
Engineer Squad
Captain Retinue
Advanced Logistics
Survival Training
M31 Recovery Vehicle
Mo-J
Wheeler
Endless
Mesco
0
0
Comments
sign in to comment!
No comments posted yet!